 Dungeon Crawl Stone Soup version 0.26.0-16-gc1dbca0489 (webtiles) character file.

Game seed: 10948744596489530062

91 thiole the Sneak (level 4, -1/27 HPs)
             Began as an Octopode Hedge Wizard on Jan 22, 2021.
             Slain by an ooze (5 damage)
             ... on level 3 of the Dungeon.
             The game lasted 00:03:14 (2245 turns).

thiole the Sneak (Octopode Hedge Wizard)            Turns: 2245, Time: 00:03:15

Health: -1/27      AC:  1    Str:  9    XL:     4   Next: 59%
Magic:  8/9        EV: 13    Int: 17    God:
Gold:   62         SH:  0    Dex: 11    Spells: 2/10 levels left

rFire    . . .     SeeInvis .   k - +1 dagger (pain)
rCold    . . .     Faith    .   (no shield)
rNeg     . . .     Spirit   .   b - +0 hat
rPois    .         Reflect  .   (no amulet)
rElec    .         Harm     .   (no ring)
rCorr    .         Rampage  .   (no ring)
Will     .....                  (no ring)
Stlth    +++.......             (no ring)
HPRegen  0.09/turn              (no ring)
MPRegen  0.11/turn              (no ring)
                                (no ring)
                                (no ring)

@: no status effects
A: almost no armour, stealthy swim, amphibious, 8 rings, constrict 8, camouflage
1, gelatinous body 1
a: no special abilities


You were on level 3 of the Dungeon.
You visited 1 branch of the dungeon, and saw 3 of its levels.

You collected 62 gold pieces.

Inventory:

Hand Weapons
 a - a +0 dagger
 k - a +1 dagger of pain (weapon)
Armour
 b - a +0 hat (worn)
Scrolls
 d - 2 scrolls of amnesia {unknown}
 e - 2 scrolls of remove curse
 h - a scroll of identify {unknown}
 l - a scroll of teleportation {unknown}
Potions
 c - a potion of curing {unknown}
 f - a potion of heal wounds {unknown}
 g - 2 potions of brilliance {unknown}
 i - a potion of berserk rage {unknown}
 j - a potion of might


   Skills:
 + Level 0.2 Fighting
 - Level 2.0 Dodging
 + Level 4.1 Stealth
 + Level 3.5 Spellcasting
 - Level 2.0 Conjurations
 + Level 0.2 Hexes
 - Level 2.0 Summonings
 - Level 1.0 Translocations
 * Level 0.8 Air Magic


You had 2 spell levels left.
You knew the following spells:

 Your Spells              Type           Power        Failure   Level
a - Magic Dart            Conj           36%          8%          1
b - Call Imp              Summ           9%           11%         2
c - Slow                  Hex            3%           22%         2
d - Mephitic Cloud        Conj/Pois/Air  6%           34%         3

Your spell library contained the following spells:

 Spells                   Type           Power        Failure   Level
 Blink                    Tloc           N/A          17%         2
 Conjure Flame            Conj/Fire      6%           32%         3


Dungeon Overview and Level Annotations

Branches:
Dungeon (3/15)

Altars:
Dithmenos


Innate Abilities, Weirdness & Mutations

You cannot wear most types of armour.
You are very stealthy in the water. (Stealth+)
You are amphibious.
You can wear up to eight rings at the same time.
You can use your tentacles to constrict eight enemies at once.
Your skin changes colour to match your surroundings (Stealth+).
Your rubbery body absorbs attacks. (AC +1, EV +1)


Message History

The ooze is lightly wounded.
The ooze closely misses you.
You hit the ooze.
The ooze is moderately wounded.
The ooze hits you.
* * * LOW HITPOINT WARNING * * *
You completely miss the ooze.
The ooze is moderately wounded.
The ooze misses you.
You hit the ooze.
The ooze is heavily wounded.
The ooze barely misses you.
You hit the ooze.
The ooze is heavily wounded.
The ooze hits you.
* * * LOW HITPOINT WARNING * * *
You barely miss the ooze.
The ooze is heavily wounded.
The ooze hits you.
You die...

... #..###..# ....
###.##.##.### .....
##...#...#...######
.....##..####'####.......
........##.#...# ##...#.#
.....#..'.))...+ #...#
...r ##.##.#...# ##...#
..... #..####'####....#
......##@..#)†.#......#
......†J##.##.##....#.#
..##........###...###.#
#.####.......<....(# ..
.............# ...
.#...........# .#
#..###.####...# #..# #.#
#.### # . ..# ..#


You could see an ooze.

Vanquished Creatures
  3 adders (D:2)
  An ooze (D:2)
  A worm (D:3)
  3 dart slugs
  2 leopard geckos (D:1)
  2 giant cockroaches
  9 goblins
  5 hobgoblins
  4 jackals (D:1)
  3 kobolds
  7 bats
  A frilled lizard (D:1)
  6 rats
47 creatures vanquished.

Vanquished Creatures (others)
  A plant (D:2)
1 creature vanquished.

Grand Total: 48 creatures vanquished

Notes
Turn   | Place    | Note
-------+----------+-------------------------------------------
     0 | D:1      | thiole the Octopode Hedge Wizard began the quest for the
                  | Orb.
     0 | D:1      | Reached XP level 1. HP: 11/11 MP: 4/4
   165 | D:1      | Reached XP level 2. HP: 9/17 MP: 1/6
   433 | D:1      | Reached skill level 3 in Stealth
   642 | D:1      | Reached XP level 3. HP: 21/21 MP: 4/7
   645 | D:1      | Learned a level 2 spell: Call Imp
   648 | D:1      | Learned a level 2 spell: Slow
   652 | D:1      | Learned a level 3 spell: Mephitic Cloud
  1143 | D:2      | HP: 1/31 [poisoned by an adder]
  1532 | D:2      | Reached XP level 4. HP: 27/27 MP: 7/9
  1697 | D:2      | Reached skill level 4 in Stealth
  1980 | D:2      | Found a shadowy altar of Dithmenos.
  2245 | D:3      | Slain by an ooze

Illustrated notes

Levels and vault maps discovered:
D:1:      mrwooster_arrival_statue_3, layout_rooms,
          chequers_serial_rivers_micro_c, corexii_leaking_fountain,
          minmay_tromino_v4_b
D:2:      layout_loops_cross, chequers_big_river,
          nicolae_dithmenos_through_a_glass_darkly
D:3:      cheibrodos_greedy_goblins, layout_basic

Skill      XL: |  1  2  3  4 |
---------------+-------------+-----
Stealth        | 3 4 |  4.1
Conjurations   | 2 |  2.0
Summonings     | 2 |  2.0
Fighting       | |  0.2
Dodging        | |  2.0
Spellcasting   | |  3.5
Hexes          | |  0.2
Translocations | |  1.0
Air Magic      | |  0.8

Action                   |  1- 3 |  4- 6 || total
-------------------------+-------+-------++-------
Melee: Dagger            |    33 |    54 ||    87
       Tentacles         |    12 |     7 ||    19
       Constrict         |    12 |    14 ||    26
 Cast: Magic Dart        |    49 |    16 ||    65
       Call Imp          |       |     1 ||     1
  Use: Potion            |     2 |       ||     2
       Scroll            |       |     1 ||     1
 Stab: Sleeping          |     1 |       ||     1
Armor: Skin              |     6 |     3 ||     9
Dodge: Dodged            |    33 |    24 ||    57
